[Event "Titled Tuesday Blitz October 11 Early 2022"]
[White "Mills, Morgen"]
[Black "Omariev, Maksim"]
[WhiteFideId "2013304"]
[BlackFideId "4193423"]
[WhiteElo "2203"]
[BlackElo "2432"]
[Result "0-1"]
[Round "06"]
[TimeControl "180+1"]
[Date "2022.10.12"]
[WhiteClock "0:00:04"]
[BlackClock "0:00:05"]

1. e4 c5 2. Nf3 d6 3. Bb5+ Nd7 4. d4 cxd4 5. Qxd4 Nf6 6. O-O a6 7. Bxd7+ Bxd7 8. c4 g6 9. Nc3 Bg7 10. h3 O-O 11. Qd3 Rc8 12. b3 b5 13. Bb2 bxc4 14. bxc4 Qc7 15. Nd5 Nxd5 16. Bxg7 Nf4 17. Qe3 Nxh3+ 18. gxh3 Kxg7 19. Nd2 Qc5 20. Qc3+ f6 21. Rab1 Qh5 22. Kh2 Rc5 23. Rb7 Rd8 24. Rg1 Qe2 25. Qe3 Qxe3 26. fxe3 Rh5 27. Rg3 Kf7 28. Nf3 Be6 29. Rc7 Rb8 30. Nd4 Rb2+ 31. Kg1 Rxh3 32. Rxh3 Bxh3 33. Nc6 g5 34. Rxe7+ Kg6 35. Re8 Rxa2 36. Rg8+ Kf7 37. Rh8 Kg7 38. Rd8 h5 39. Rxd6 h4 40. Ne7 Bg4 41. Nf5+ Bxf5 42. exf5 g4 43. Rd4 g3 44. Rg4+ Kf7 45. Rxh4 Ke7 46. Rg4 g2 47. Rxg2 Rxg2+ 48. Kxg2 a5 49. c5 a4 50. e4 a3 51. e5 a2 52. exf6+ Kxf6 53. c6 a1=Q 54. c7 Qc3 0-1


[Site "https://www.chess.com"]

[Event "Titled Tuesday Blitz October 11 Early 2022"]
[White "Moroni, Luca Jr"]
[Black "Ozen, Bahadir"]
[WhiteFideId "865834"]
[BlackFideId "6337058"]
[WhiteElo "2573"]
[BlackElo "2503"]
[Result "1-0"]
[Round "06"]
[TimeControl "180+1"]
[Date "2022.10.11"]
[WhiteClock "0:01:44"]
[BlackClock "0:00:47"]

1. d4 d5 2. Bf4 Nf6 3. e3 e6 4. Nf3 Bd6 5. Nbd2 c5 6. dxc5 Bxf4 7. exf4 Qc7 8. g3 Qxc5 9. Bd3 O-O 10. O-O b6 11. Qe2 Bb7 12. Nb3 Qc7 13. Nbd4 Nc6 14. c3 Nxd4 15. Nxd4 Rfe8 16. Rfe1 g6 17. h4 Ne4 18. h5 Kg7 19. hxg6 hxg6 20. Kg2 Rh8 21. Rh1 Rxh1 22. Rxh1 Rh8 23. Rxh8 Kxh8 24. Qe3 a6 25. f3 Nc5 26. Bc2 Kg7 27. a3 Nd7 28. Qxe6 fxe6 29. Nxe6+ Kf7 30. Nxc7 Nf6 31. Bd3 b5 32. f5 gxf5 33. Bxf5 Ke7 34. Ne6 Bc6 35. Nd4 Be8 36. g4 a5 1-0


[Site "https://www.chess.com"]

[Event "Titled Tuesday Blitz October 11 Early 2022"]
[White "Nakamura, Hikaru"]
[Black "Mamedov, Rauf"]
[WhiteFideId "2016192"]
[BlackFideId "13401653"]
[WhiteElo "2909"]
[BlackElo "2650"]
[Result "1/2-1/2"]
[Round "06"]
[TimeControl "180+1"]
[Date "2022.10.11"]
[WhiteClock "0:00:39"]
[BlackClock "0:01:11"]

1. Nf3 Nf6 2. c4 g6 3. Nc3 Bg7 4. e4 d6 5. d4 O-O 6. Be2 e5 7. dxe5 dxe5 8. Qxd8 Rxd8 9. Nd5 Nxd5 10. cxd5 c6 11. Bc4 cxd5 12. Bxd5 Nd7 13. Bg5 Re8 14. Nd2 Nb6 15. Bb3 Be6 16. Bxe6 Rxe6 17. Be3 Rc6 18. b3 Bf8 19. Ke2 Bc5 20. Bxc5 Rxc5 21. a4 Nd7 22. Nc4 Nf8 23. Rhd1 Ne6 24. Kf1 Nd4 25. Nxe5 Nxb3 26. Rab1 Rxe5 27. Rxb3 Rxe4 28. Rxb7 Rxa4 29. Rdd7 Ra1+ 30. Ke2 Re8+ 31. Kf3 Ra3+ 32. Kf4 Rf8 33. Rxa7 1/2-1/2


[Site "https://www.chess.com"]

[Event "Titled Tuesday Blitz October 11 Early 2022"]
[White "Navalgund, Niranjan"]
[Black "Sadubayev, Airat"]
[WhiteFideId "5030854"]
[BlackFideId "13713264"]
[WhiteElo "2294"]
[BlackElo "2215"]
[Result "0-1"]
[Round "06"]
[TimeControl "180+1"]
[Date "2022.10.12"]
[WhiteClock "0:02:22"]
[BlackClock "0:00:52"]

1. e4 d6 2. Bc4 Nf6 3. Nc3 g6 4. Nf3 Bg7 5. e5 dxe5 6. Nxe5 O-O 7. d4 Nbd7 8. O-O Nb6 9. Bb3 c6 10. Bg5 Nfd5 11. Ne4 f6 12. c4 Nc7 13. Qe2 fxe5 14. dxe5 Be6 15. Rad1 Nd7 16. Nd6 Rb8 17. Ne4 Qe8 18. f4 Qf7 19. Bh4 h6 20. g4 Rbd8 21. f5 gxf5 22. gxf5 Bxf5 23. c5 Nd5 24. Ng3 Qg6 25. e6 Bg4 26. Qd2 Nxc5 27. Rxf8+ Bxf8 28. Bxd5 Rxd5 0-1


[Site "https://www.chess.com"]

[Event "Titled Tuesday Blitz October 11 Early 2022"]
[White "Orlov, Georgi"]
[Black "Siva Mahadevan"]
[WhiteFideId "2011271"]
[BlackFideId "25043153"]
[WhiteElo "2579"]
[BlackElo "2249"]
[Result "0-1"]
[Round "06"]
[TimeControl "180+1"]
[Date "2022.10.12"]
[WhiteClock "0:00:02"]
[BlackClock "0:00:07"]

1. d4 Nf6 2. Nf3 g6 3. c4 Bg7 4. Nc3 O-O 5. e4 d6 6. Be2 Nbd7 7. O-O e5 8. Be3 c6 9. Qc2 h6 10. Rad1 Ng4 11. Bc1 exd4 12. Nxd4 Nc5 13. b4 Ne6 14. Nb3 Qh4 15. h3 Nf6 16. Rxd6 Nf4 17. Bxf4 Qxf4 18. c5 Nh7 19. Qc1 Qe5 20. Rd3 g5 21. Nd4 Nf6 22. Bf3 Bd7 23. Rfd1 Rfe8 24. Nde2 Be6 25. Qc2 Bc4 26. Rd4 Qe6 27. Ng3 Nh7 28. Bg4 f5 29. Bxf5 Qf7 30. e5 Nf8 31. Nce4 Bd5 32. Nd6 Qe7 33. Nxe8 Rxe8 34. Be4 Be6 35. Nf5 Bxf5 36. Bxf5 Qxe5 37. Rd6 Qf4 38. g3 Qe5 39. Bd3 Kh8 40. Bc4 a5 41. a3 axb4 42. axb4 Qe7 43. Qd2 Qe4 44. Qd3 Qe5 45. Kg2 Bf6 46. Qf3 Kg7 47. h4 gxh4 48. gxh4 Ng6 49. Kh1 Nxh4 50. Rg1+ Bg5 51. Qg4 Qe4+ 52. Qxe4 Rxe4 53. Bd3 Rxb4 54. Rg3 Rf4 55. Kg1 Kf8 56. Kf1 Nf3 57. Ke2 Ne5 58. Kf1 Ke7 59. Be2 b6 60. Re3 bxc5 61. Rxe5+ Kxd6 62. Re8 Rd4 63. Ke1 c4 64. Rd8+ Bxd8 0-1


[Site "https://www.chess.com"]

[Event "Titled Tuesday Blitz October 11 Early 2022"]
[White "Orzech, Dominik"]
[Black "Chernobay, Artem"]
[WhiteFideId "1115065"]
[BlackFideId "4167406"]
[WhiteElo "2272"]
[BlackElo "2473"]
[Result "1-0"]
[Round "06"]
[TimeControl "180+1"]
[Date "2022.10.12"]
[WhiteClock "0:01:12"]
[BlackClock "0:00:51"]

1. Nf3 Nf6 2. c4 d6 3. Nc3 e5 4. d4 Nbd7 5. g3 g6 6. Bg2 Bg7 7. O-O O-O 8. e4 c6 9. h3 a5 10. Re1 Re8 11. Be3 exd4 12. Nxd4 Nc5 13. Qc2 Nfd7 14. Rad1 a4 15. f4 Qa5 16. Bf2 Qb4 17. Nb1 Nb6 18. Bf1 Bd7 19. Re3 Re7 20. Be1 Qxe1 21. Rexe1 Rae8 22. Bg2 f5 23. Nf3 fxe4 24. Ng5 Nd3 25. Rxe4 Nxb2 26. Rxe7 Rxe7 27. Rxd6 N2xc4 28. Rd3 Bf5 29. Rd8+ Bf8 30. Qc3 Re3 31. Qf6 1-0


[Site "https://www.chess.com"]

[Event "Titled Tuesday Blitz October 11 Early 2022"]
[White "Osiecki, Stanislaw"]
[Black "Kaganskiy, Gleb"]
[WhiteFideId "1102990"]
[BlackFideId "4132025"]
[WhiteElo "2088"]
[BlackElo "2165"]
[Result "1/2-1/2"]
[Round "06"]
[TimeControl "180+1"]
[Date "2022.10.12"]
[WhiteClock "0:00:21"]
[BlackClock "0:00:50"]

1. e4 e6 2. d4 d5 3. e5 c5 4. c3 Qb6 5. Nf3 Nc6 6. Bd3 cxd4 7. cxd4 Bd7 8. Be2 Nh6 9. Nc3 Nf5 10. Na4 Qd8 11. Be3 Bb4+ 12. Nc3 O-O 13. O-O f6 14. exf6 Qxf6 15. Bd3 Bxc3 16. bxc3 Nxe3 17. fxe3 Qh6 18. Qe2 Rae8 19. e4 dxe4 20. Bxe4 e5 21. Bd5+ Be6 22. Bxe6+ Qxe6 23. dxe5 Nxe5 24. Nxe5 Qxe5 25. Qxe5 Rxe5 26. Rxf8+ Kxf8 27. Rb1 b6 28. Rb4 Re2 29. a4 Rc2 30. Rc4 Ke7 31. Rc7+ Kf6 32. Rxa7 Rxc3 33. Ra6 h5 34. Rxb6+ Kf7 35. h3 Ra3 36. Ra6 Ra2 37. a5 g6 38. Ra7+ Kg8 39. a6 Kh8 40. Ra8+ Kg7 41. a7 Kh7 42. Kf1 Kg7 43. Ke1 Kh7 44. Kd1 Kg7 45. Kc1 Kh7 46. Kb1 Ra6 47. Kb2 Ra5 48. Kb3 Ra6 49. Kb4 Ra1 50. Kb5 Kg7 51. Kb6 Rb1+ 52. Kc7 Ra1 53. g4 hxg4 54. hxg4 Rc1+ 55. Kd6 Rd1+ 56. Ke5 Re1+ 57. Kf4 Rf1+ 58. Kg5 Ra1 59. Kf4 Ra4+ 60. Ke5 Ra5+ 61. Kd6 Ra1 62. g5 Rd1+ 63. Ke5 Re1+ 64. Kf4 Rf1+ 65. Ke3 Re1+ 66. Kd2 Ra1 67. Kc2 Ra6 68. Kb3 Ra5 69. Kb4 Ra1 70. Kb5 Rb1+ 71. Kc4 Rc1+ 72. Kb3 Ra1 73. Kb2 Ra6 74. Kb3 Ra5 75. Kb4 Ra1 76. Kb5 Rb1+ 77. Kc4 Rc1+ 78. Kb3 Ra1 79. Kb2 Ra5 80. Kb3 Kh7 81. Kb4 Ra1 82. Kb5 Ra2 83. Kc6 Rc2+ 84. Kd5 Rd2+ 85. Ke5 Re2+ 86. Kf6 Rf2+ 87. Ke6 Re2+ 88. Kf6 Rf2+ 89. Ke6 Re2+ 90. Kf6 1/2-1/2


[Site "https://www.chess.com"]

[Event "Titled Tuesday Blitz October 11 Early 2022"]
[White "Ovchinnikov, Vsevolod"]
[Black "Yuan, Qingyu"]
[WhiteFideId "24176842"]
[BlackFideId "8609772"]
[WhiteElo "2376"]
[BlackElo "2359"]
[Result "1/2-1/2"]
[Round "06"]
[TimeControl "180+1"]
[Date "2022.10.12"]
[WhiteClock "0:00:13"]
[BlackClock "0:00:10"]

1. d4 d5 2. c4 e6 3. Nf3 Nf6 4. g3 dxc4 5. Bg2 c5 6. O-O Nc6 7. Qa4 Bd7 8. Qxc4 b5 9. Qd3 c4 10. Qd1 Rc8 11. Re1 Be7 12. a3 O-O 13. Nc3 Na5 14. e4 Nb3 15. Rb1 Bc6 16. Bg5 a5 17. Ne5 Nxd4 18. Nxc6 Nxc6 19. e5 Nd7 20. Bxc6 Rxc6 21. Bxe7 Qxe7 22. Nxb5 Rc5 23. a4 Nxe5 24. Re4 Qb7 25. Qe2 Nc6 26. Rxc4 Rd5 27. Rbc1 Nb4 28. Rc7 Qb6 29. Qf3 Rf5 30. Qe3 Qxe3 31. fxe3 Nd5 32. Ra7 Nxe3 33. Rxa5 h5 34. Ra7 Rd8 35. Re1 Ng4 36. Nc3 Rd2 37. Re2 Rd3 38. Rb7 Ne3 39. Re1 Nc2 40. Re2 Nd4 41. Rf2 Re5 42. Rb8+ Kh7 43. Rxf7 Re1+ 44. Kg2 Rd2+ 45. Rf2 Rd3 46. Rf1 Ree3 47. Rf2 h4 48. gxh4 Nf5 49. Rb7 Nxh4+ 50. Kg1 Re1+ 51. Rf1 Nf3+ 52. Kf2 Rd2+ 53. Kxf3 Rxf1+ 54. Ke3 Rff2 55. b4 Rc2 56. Ne4 Rfe2+ 57. Kd3 Rxh2 58. a5 Ra2 59. Nc5 e5 60. a6 Rh3+ 61. Ke4 Re2+ 62. Kd5 Ra3 63. b5 e4 64. Nxe4 Rd3+ 65. Kc4 Ra3 66. Nf6+ Kg6 67. Nd5 Rc2+ 68. Kd4 Rd2+ 69. Kc5 Ra5 70. a7 Rda2 71. Kc6 Rxa7 72. Rxa7 Rxa7 73. b6 Ra6 74. Kb5 Rxb6+ 75. Kxb6 Kf5 76. Kc5 Ke4 77. Nc3+ Kd3 78. Nd5 Ke4 79. Nc3+ Ke5 80. Kc4 g5 81. Kd3 Kf4 82. Ke2 Kg3 83. Kf1 Kf3 84. Ne2 g4 85. Ng1+ Kg3 86. Ne2+ Kh2 87. Kf2 Kh3 88. Kg1 Kh4 89. Kg2 Kg5 90. Kg3 Kf5 91. Nd4+ Kg5 92. Nc2 Kf5 93. Ne3+ Ke4 94. Nxg4 1/2-1/2


[Site "https://www.chess.com"]

[Event "Titled Tuesday Blitz October 11 Early 2022"]
[White "Ovezdurdyyeva, Jemal"]
[Black "Gulevich, Artem"]
[WhiteFideId "14001888"]
[BlackFideId "24119580"]
[WhiteElo "1961"]
[BlackElo "2218"]
[Result "0-1"]
[Round "06"]
[TimeControl "180+1"]
[Date "2022.10.12"]
[WhiteClock "0:00:20"]
[BlackClock "0:00:25"]

1. e4 c5 2. Nf3 Nc6 3. c3 Nf6 4. Bd3 e6 5. O-O d5 6. exd5 Nxd5 7. Bc2 Be7 8. d4 cxd4 9. cxd4 O-O 10. Nc3 Ncb4 11. Be4 Nf6 12. Bb1 b6 13. Bg5 Bb7 14. a3 Nbd5 15. Qd3 g6 16. Re1 Rc8 17. Ne5 Nxc3 18. bxc3 Qd5 19. f3 Rfd8 20. Qd2 Qa5 21. Re3 Nd5 22. Bxe7 Nxe7 23. Ba2 Bd5 24. Rd3 Bxa2 25. Rxa2 Nc6 26. Qf4 Nxe5 0-1


[Site "https://www.chess.com"]

[Event "Titled Tuesday Blitz October 11 Early 2022"]
[White "Parpiev, Isaak"]
[Black "Zaksaite, Salomeja"]
[WhiteFideId "34281576"]
[BlackFideId "12801496"]
[WhiteElo "2100"]
[BlackElo "2094"]
[Result "1-0"]
[Round "06"]
[TimeControl "180+1"]
[Date "2022.10.12"]
[WhiteClock "0:00:03"]
[BlackClock "0:00:01"]

1. d4 Nf6 2. c4 g6 3. Nc3 d5 4. cxd5 Nxd5 5. e4 Nxc3 6. bxc3 Bg7 7. Be3 c5 8. Bc4 Nc6 9. Ne2 O-O 10. O-O Bg4 11. f3 Bd7 12. Rc1 Na5 13. Bd3 c4 14. Bc2 b5 15. d5 e6 16. d6 Nb7 17. f4 e5 18. f5 Bc6 19. Ng3 Qxd6 20. Qf3 f6 21. Qg4 Bd7 22. Rcd1 Qc7 23. h4 Nc5 24. Rxd7 Nxd7 25. fxg6 f5 26. gxh7+ Kh8 27. Nxf5 Nf6 28. Qg6 Qf7 29. Qg3 Rae8 30. h5 Nxh7 31. h6 Bf6 32. Ng7 Bxg7 33. Rxf7 Rxf7 34. hxg7+ Rxg7 35. Qh3 Reg8 36. Bd1 Rg3 37. Qe6 Rxe3 38. Qxe5+ Rg7 39. Qe8+ Rg8 40. Qe5+ Rg7 41. Bh5 Re1+ 42. Kh2 Ra1 43. Qe8+ Rg8 44. Qe5+ Rg7 45. Qb8+ Rg8 46. Qxa7 Nf6 47. Qd4 Kg7 48. Bf3 Rh8+ 49. Kg3 Rxa2 50. e5 Ne8 51. e6+ Kg8 52. Qg4+ Kf8 53. Qf5+ Kg8 54. Qf7# 1-0


[Site "https://www.chess.com"]

[Event "Titled Tuesday Blitz October 11 Early 2022"]
[White "Petesch, Gabriel"]
[Black "Acosta Cruz, Oscar Yosimar"]
[WhiteFideId "2032465"]
[BlackFideId "5111269"]
[WhiteElo "2374"]
[BlackElo "2147"]
[Result "1-0"]
[Round "06"]
[TimeControl "180+1"]
[Date "2022.10.12"]
[WhiteClock "0:01:46"]
[BlackClock "0:02:27"]

1. d3 g6 2. Nf3 Bg7 3. h4 h5 4. Nc3 c5 5. Bf4 a6 6. g3 b5 7. Bg2 Bb7 8. O-O d6 9. a4 b4 10. Ne4 Nd7 11. c3 a5 12. Qb3 Ngf6 13. Nfg5 Bd5 14. Nxf6+ Nxf6 15. Bxd5 Nxd5 16. Qxd5 O-O 17. d4 e6 18. Qxd6 Qf6 19. Be5 1-0


[Site "https://www.chess.com"]

[Event "Titled Tuesday Blitz October 11 Early 2022"]
[White "Piesik, Piotr"]
[Black "Tologon tegin, Semetei"]
[WhiteFideId "1136194"]
[BlackFideId "13800574"]
[WhiteElo "2323"]
[BlackElo "2282"]
[Result "1-0"]
[Round "06"]
[TimeControl "180+1"]
[Date "2022.10.12"]
[WhiteClock "0:00:15"]
[BlackClock "0:00:03"]

1. Nf3 Nf6 2. g3 g6 3. Bg2 Bg7 4. O-O O-O 5. d4 d6 6. Nbd2 Nc6 7. e4 e5 8. dxe5 dxe5 9. c3 Qe7 10. b4 a6 11. a4 Be6 12. Qe2 Nd7 13. Ba3 Ncb8 14. Nc4 b5 15. Ne3 c6 16. c4 bxa4 17. b5 Nc5 18. b6 Nbd7 19. Rab1 Rab8 20. b7 Rfd8 21. Rfd1 Qe8 22. Rd6 Nxe4 23. Rd3 Ndc5 24. Rxd8 Qxd8 25. Ng5 Nc3 26. Qb2 Nxb1 27. Bxc5 Qxg5 28. Bd6 Rxb7 29. Qxb7 Qf5 30. Be4 Qh3 31. Qb8+ Bc8 32. Qxb1 h5 33. Bxc6 Qe6 34. Qb8 Kh7 35. Bd5 Qd7 36. c5 a3 37. c6 Qh3 38. Bxa3 Bd7 39. cxd7 Qxd7 40. Qd6 Qa4 41. h4 a5 42. Bxf7 Qb5 43. Qxg6+ Kh8 44. Qxh5+ Bh6 45. Qxh6# 1-0


[Site "https://www.chess.com"]

[Event "Titled Tuesday Blitz October 11 Early 2022"]
[White "Poltorak, Sebastian"]
[Black "Munkhgal, Gombosuren"]
[WhiteFideId "1199498"]
[BlackFideId "4901266"]
[WhiteElo "2232"]
[BlackElo "2576"]
[Result "0-1"]
[Round "06"]
[TimeControl "180+1"]
[Date "2022.10.12"]
[WhiteClock "0:00:15"]
[BlackClock "0:01:58"]

1. d4 Nf6 2. c4 g6 3. f3 Bg7 4. e4 d6 5. Ne2 O-O 6. Be3 Nc6 7. Qd2 a6 8. Nbc3 Na5 9. Ng3 b5 10. cxb5 axb5 11. Rc1 b4 12. Nd1 Rb8 13. Be2 Be6 14. d5 Bd7 15. O-O c5 16. dxc6 Nxc6 17. b3 Qa5 18. Bc4 Ne5 19. Be2 Bb5 20. Bxb5 Qxb5 21. Nb2 Rfc8 22. Bd4 Nfd7 23. f4 Ng4 24. Nc4 Bxd4+ 25. Qxd4 Qc5 26. Rfd1 Qxd4+ 27. Rxd4 Nc5 28. h3 Nf6 29. e5 Ne6 30. exf6 Nxd4 31. fxe7 d5 32. Rd1 dxc4 33. Rxd4 c3 34. Ne2 Re8 35. Rd7 Rbc8 36. Kf2 f5 37. a3 bxa3 38. Ra7 Kf7 39. Rxa3 Rxe7 40. Ra2 c2 41. Nc1 Rd7 42. Ke2 Rd1 43. Ra1 Rg1 44. g4 Rd8 45. b4 Rdd1 46. Ra7+ Ke8 47. Nb3 c1=Q 48. Nxc1 Rxc1 49. gxf5 gxf5 50. Rxh7 Rg3 51. Rh5 Rc2+ 52. Kd1 Rh2 0-1


[Site "https://www.chess.com"]

[Event "Titled Tuesday Blitz October 11 Early 2022"]
[White "Prokofiev, Valentyn"]
[Black "Amgalantengis, Enkh-Amgalan"]
[WhiteFideId "14160161"]
[BlackFideId "4903536"]
[WhiteElo "2259"]
[BlackElo "1772"]
[Result "1/2-1/2"]
[Round "06"]
[TimeControl "180+1"]
[Date "2022.10.12"]
[WhiteClock "0:00:24"]
[BlackClock "0:00:55"]

1. d4 d5 2. c4 c6 3. cxd5 cxd5 4. Bf4 Nf6 5. Nc3 Nc6 6. e3 e6 7. Nf3 Bd6 8. Ne5 Bxe5 9. dxe5 Nd7 10. Bb5 O-O 11. e4 Ndxe5 12. exd5 exd5 13. Qxd5 Be6 14. Qxd8 Raxd8 15. O-O a6 16. Be2 Nd3 17. Bg5 f6 18. Bxd3 Rxd3 19. Be3 Rfd8 20. h3 Ne5 21. Ne4 Nc4 22. Bc1 Rd1 23. b3 Ne5 24. Bf4 Rxa1 25. Rxa1 Nc6 26. Nc5 Bc8 27. Re1 Kf7 28. Kh2 b6 29. Ne4 Nd4 30. Nd6+ Kg6 31. Re7 Nf5 32. Nxf5 Bxf5 33. Rb7 b5 34. Ra7 Rd4 35. Be3 Rd6 36. a4 bxa4 37. bxa4 Bc2 38. a5 Bd3 39. Bc5 Rc6 40. Bf8 Bb5 41. Rxg7+ Kf5 42. Kg3 Rc3+ 43. f3 Rc2 44. Kh4 Rc4+ 45. g4+ Kf4 46. Rxh7 Kxf3 47. Rf7 Rc6 48. Bg7 Kg2 49. Re7 Bd3 50. Rf7 f5 51. gxf5 Rc4+ 52. Kg5 Kxh3 53. Be5 Rg4+ 54. Kf6 Rg2 55. Rh7+ Kg4 56. Rg7+ Kf3 57. Rxg2 Kxg2 58. Ke6 Bc4+ 59. Ke7 Kf3 60. f6 Ke4 61. Bb2 Kd5 62. Kd7 Kc5 63. Kc7 Kb5 64. Bc3 Bf7 65. Kd7 Bc4 66. Be1 Bb3 67. Kd6 Ba2 68. Kd7 Bb3 69. Bc3 Ba2 70. Ke8 Bb3 71. f7 Bxf7+ 72. Kxf7 Kc6 73. Ke6 Kb7 74. Kd7 Ka8 75. Kc8 Ka7 76. Bd4+ Ka8 77. Be5 Ka7 78. Kc7 Ka8 79. Bf6 Ka7 80. Kc6 Ka8 81. Kb6 Kb8 82. Kxa6 Ka8 83. Kb6 Kb8 84. a6 Ka8 85. Bd4 Kb8 86. Bc5 Ka8 87. Bb4 Kb8 88. Ba5 Ka8 89. Bc3 Kb8 90. Bd4 Ka8 91. Be3 Kb8 92. Kc6 Ka8 93. Bb6 Kb8 94. Bc7+ Ka8 95. Bd8 Ka7 96. Kb5 Ka8 97. Bf6 Kb8 98. Bd4 Ka8 99. Kc6 Kb8 100. Kd7 Ka8 101. Kd8 Kb8 102. Bb6 Ka8 103. Kd7 Kb8 104. Kc6 Ka8 105. Kb5 Kb8 106. Bc7+ Ka8 107. Bf4 Ka7 108. Be3+ Ka8 109. Kc6 Kb8 110. Bb6 Ka8 111. a7 1/2-1/2


[Site "https://www.chess.com"]

[Event "Titled Tuesday Blitz October 11 Early 2022"]
[White "Rodriguez Santiago, Jaime"]
[Black "Manon-og, Ramon Jr."]
[WhiteFideId "3100898"]
[BlackFideId "5200776"]
[WhiteElo "2025"]
[BlackElo "2232"]
[Result "1-0"]
[Round "06"]
[TimeControl "180+1"]
[Date "2022.10.12"]
[WhiteClock "0:01:03"]
[BlackClock "0:00:24"]

1. c4 Nf6 2. Nc3 g6 3. g3 Bg7 4. Bg2 O-O 5. e4 d6 6. Nge2 c5 7. O-O Nc6 8. d3 Bg4 9. f3 Be6 10. Rb1 Qd7 11. Nf4 Nd4 12. Nce2 Nc6 13. Nxe6 fxe6 14. Be3 e5 15. h3 Nd4 16. Nxd4 cxd4 17. Bd2 Nh5 18. Kh2 Rac8 19. b4 b5 20. cxb5 Qxb5 21. Qb3+ Kh8 22. a4 Qd7 23. b5 Rc7 24. a5 Rfc8 25. Rfc1 Rb8 26. b6 axb6 27. axb6 Rcb7 28. Ba5 Bh6 29. Rc2 Rc8 30. Rxc8+ Qxc8 31. Rb2 Qa8 32. Qb5 Be3 33. Rc2 Qf8 34. Rc7 Rb8 35. Qd7 Nxg3 36. Qxe7 Nf1+ 37. Bxf1 Qf4+ 38. Kg2 Qg5+ 39. Qxg5 Bxg5 40. b7 1-0


[Site "https://www.chess.com"]

[Event "Titled Tuesday Blitz October 11 Early 2022"]
[White "Rose, Felix"]
[Black "Jovic, Stanoje"]
[WhiteFideId "5105722"]
[BlackFideId "905020"]
[WhiteElo "2039"]
[BlackElo "2238"]
[Result "0-1"]
[Round "06"]
[TimeControl "180+1"]
[Date "2022.10.12"]
[WhiteClock "0:00:13"]
[BlackClock "0:00:45"]

1. d4 Nf6 2. Nc3 d5 3. Bf4 e6 4. Nb5 Na6 5. e3 c6 6. Nc3 Nc7 7. h3 Bd6 8. Bxd6 Qxd6 9. Nf3 Qb4 10. a3 Qa5 11. Bd3 b5 12. O-O O-O 13. Ne5 Qb6 14. f4 c5 15. Qf3 cxd4 16. exd4 Qxd4+ 17. Kh1 Bb7 18. Nxb5 Nxb5 19. Bxb5 Qxb2 20. Rab1 Qd4 21. Bd3 Rab8 22. Rb4 Qc5 23. Rfb1 Qc7 24. Kh2 Ba8 25. Rxb8 Rxb8 26. Rxb8+ Qxb8 27. Ng4 Ne4 28. Ne5 f6 29. Ng4 Qb6 30. Bxe4 dxe4 31. Qc3 Qc6 32. Qb3 Bb7 33. Qe3 h5 34. Nf2 Qb6 35. Qxb6 axb6 36. h4 Kf7 37. Kg1 Ke7 38. Kf1 Kd6 39. Ke2 Kc5 40. Ke3 Kc4 41. Nxe4 Bxe4 42. Kxe4 Kc3 43. g3 Kxc2 44. Kd4 Kb2 45. Kc4 Kxa3 46. Kb5 e5 47. fxe5 fxe5 48. Kxb6 e4 0-1


[Site "https://www.chess.com"]

[Event "Titled Tuesday Blitz October 11 Early 2022"]
[White "Rosen, Eric"]
[Black "Pakleza, Zbigniew"]
[WhiteFideId "2032562"]
[BlackFideId "1119290"]
[WhiteElo "2362"]
[BlackElo "2411"]
[Result "0-1"]
[Round "06"]
[TimeControl "180+1"]
[Date "2022.10.11"]
[WhiteClock "0:00:03"]
[BlackClock "0:00:04"]

1. d4 d6 2. e4 Nf6 3. Nc3 c6 4. Nf3 Bg4 5. a4 e6 6. h3 Bh5 7. g4 Bg6 8. e5 Nd5 9. Bg5 Be7 10. Qd2 Bxg5 11. Nxg5 dxe5 12. dxe5 Nxc3 13. Qxd8+ Kxd8 14. bxc3 h6 15. O-O-O+ Ke7 16. Nf3 Nd7 17. Bd3 Bxd3 18. cxd3 Nc5 19. a5 Nb3+ 20. Kc2 Nxa5 21. Ra1 b6 22. Nd2 Rhd8 23. Ne4 c5 24. Rhb1 Nc6 25. f4 g5 26. Rf1 gxf4 27. Rxf4 Nxe5 28. Raf1 Rxd3 29. Rxf7+ Nxf7 30. Kxd3 Rd8+ 31. Ke3 Ne5 32. Rf6 Rd3+ 33. Ke2 Rxh3 34. Rf1 Nxg4 35. Ra1 Re3+ 36. Kd2 Rxe4 37. Rxa7+ Kd6 38. Rh7 b5 39. Kd3 c4+ 40. Kd2 Rf4 41. Rh8 Rf2+ 42. Ke1 Rf3 43. Rd8+ Kc7 44. Re8 Kd7 45. Rb8 Kc6 46. Re8 Rxc3 47. Rxe6+ Kc5 48. Rg6 Rg3 49. Rg8 Kb4 50. Rg7 Kb3 51. Rc7 b4 52. Ke2 c3 53. Kf1 Kb2 54. Ke2 b3 55. Ke1 c2 56. Ke2 Rg1 57. Rb7 c1=Q 58. Kf3 Qd1+ 59. Kf4 Rf1+ 60. Kg3 Qf3+ 61. Kh4 Rh1# 0-1


[Site "https://www.chess.com"]

[Event "Titled Tuesday Blitz October 11 Early 2022"]
[White "Rosenberg, Evan S"]
[Black "Asavasaetakul, Chawit"]
[WhiteFideId "2019299"]
[BlackFideId "6204856"]
[WhiteElo "2422"]
[BlackElo "1919"]
[Result "0-1"]
[Round "06"]
[TimeControl "180+1"]
[Date "2022.10.12"]
[WhiteClock "0:00:01"]
[BlackClock "0:00:41"]

1. d4 d5 2. Nf3 c6 3. c3 Nf6 4. Qc2 Bg4 5. Ne5 Bh5 6. Qf5 Nbd7 7. Qh3 Rg8 8. g4 Bg6 9. Nxg6 hxg6 10. g5 Nh5 11. Bg2 e5 12. Bf3 Rh8 13. Qg4 Bd6 14. h4 Qe7 15. e3 O-O-O 16. a4 Kb8 17. a5 exd4 18. cxd4 a6 19. Nc3 Nf4 20. Kd2 Ne6 21. Kc2 Bb4 22. Bd2 Ka7 23. Ra4 Rc8 24. Rha1 Ka8 25. Kb1 Bd6 26. Ne2 f5 27. gxf6 Nxf6 28. Qxg6 Rxh4 29. Nc1 Rh2 30. Nd3 Rch8 31. Kc2 R8h6 32. Qg1 Ne4 33. Bxe4 dxe4 34. Ne5 Bxe5 35. dxe5 Nc5 36. Rd4 Qxe5 37. Ra3 Nd3 38. Raxd3 exd3+ 39. Kxd3 Qf5+ 40. Kc3 Rxf2 41. Qxg7 Qf6 42. Qg8+ Ka7 43. Qb3 Rh8 44. Qb6+ Ka8 45. Kc2 Qf5+ 46. Kb3 Qb5+ 47. Qxb5 axb5 48. Bc3 Re8 49. e4 Re2 50. Rd7 R2xe4 51. Bd4 Kb8 52. a6 bxa6 53. Bb6 R4e7 0-1


[Site "https://www.chess.com"]

[Event "Titled Tuesday Blitz October 11 Early 2022"]
[White "Rosh Jain"]
[Black "Ziatdinov, Raset"]
[WhiteFideId "25789465"]
[BlackFideId "2015323"]
[WhiteElo "2233"]
[BlackElo "2220"]
[Result "1-0"]
[Round "06"]
[TimeControl "180+1"]
[Date "2022.10.12"]
[WhiteClock "0:01:08"]
[BlackClock "0:00:47"]

1. e4 c5 2. Nf3 Nc6 3. d4 cxd4 4. Nxd4 g6 5. Nc3 Bg7 6. Be3 d6 7. Qd2 Nf6 8. f3 O-O 9. O-O-O Bd7 10. Bc4 Rc8 11. Bb3 Nxd4 12. Bxd4 b5 13. h4 a5 14. h5 Nxh5 15. Bxg7 Kxg7 16. g4 Nf6 17. Qh6+ Kg8 18. g5 Nh5 19. Rxh5 gxh5 20. g6 hxg6 21. Qxg6+ Kh8 22. Qxh5+ Kg7 23. Qg5+ 1-0


[Site "https://www.chess.com"]

[Event "Titled Tuesday Blitz October 11 Early 2022"]
[White "Rustemov, Alexander"]
[Black "Martinez Alcantara, Jose Eduardo"]
[WhiteFideId "4119002"]
[BlackFideId "3805662"]
[WhiteElo "2820"]
[BlackElo "2703"]
[Result "1-0"]
[Round "06"]
[TimeControl "180+1"]
[Date "2022.10.11"]
[WhiteClock "0:00:32"]
[BlackClock "0:00:19"]

1. d4 Nf6 2. c4 e6 3. Nf3 a6 4. Nc3 d5 5. cxd5 exd5 6. Bg5 Be6 7. e3 Nbd7 8. Bd3 h6 9. Bh4 Bd6 10. O-O c6 11. Qc2 O-O 12. Bg3 Qb8 13. Bxd6 Qxd6 14. h3 Nb6 15. Rfc1 Rfc8 16. Na4 Nxa4 17. Qxa4 Nd7 18. Qc2 a5 19. a3 b6 20. Qd2 c5 21. Bb5 c4 22. a4 Bf5 23. Qc3 Nf6 24. Nd2 Qe6 25. b3 Ne4 26. Nxe4 Bxe4 27. f3 Bxf3 28. gxf3 Qxh3 29. bxc4 Qxf3 30. Qe1 Qg4+ 31. Kf1 dxc4 32. Rxc4 Rxc4 33. Bxc4 Rc8 34. Rc1 Qf3+ 35. Qf2 Qh1+ 36. Qg1 Qh3+ 37. Ke2 Re8 38. Qf2 Qd7 39. Bb5 Qxd4 40. Qxf7+ Kh7 41. Qxe8 Qb2+ 42. Kd1 Qb3+ 43. Rc2 Qb1+ 44. Kd2 Qb4+ 45. Ke2 Qg4+ 46. Kd3 Qd1+ 47. Rd2 Qf1+ 48. Kd4 Qa1+ 49. Kd5 Qc3 50. Qe4+ Kh8 51. Qe8+ Kh7 52. Bd3+ 1-0


[Site "https://www.chess.com"]